 Dungeon Crawl Stone Soup version 0.19.0 (webtiles) character file.

11591 AlphabetPasta the Cleaver (level 11, -2/59 HPs)
             Began as a Vine Stalker Chaos Knight on Nov 11, 2016.
             Killed by an exploding ball lightning (13 damage)
             ... created by the player character
             ... on level 4 of the Lair of Beasts.
             The game lasted 00:46:03 (6933 turns).

AlphabetPasta the Cleaver (VSCK)                    Turns: 6933, Time: 00:46:03

Health: -2/59      AC: 14    Str: 21    XL:     11   Next: 80%
Magic:  0/26       EV: 14    Int: 12    God:    Xom [....*.]
Gold:   430        SH: 11    Dex: 20    Spells: 0 memorised, 10 levels left

rFire  + . .     SeeInvis .     a - +2 hand axe (chaos)
rCold  . . .     Gourm    .     r - +2 leather armour
rNeg   . . .     Faith    .     g - +0 shield
rPois  +         Spirit   +     m - +1 helmet
rElec  .         Reflect  .     s - +1 cloak of Conscience {rF+ MP+9 Dex+4}
rCorr  .         Harm     .     (no gloves)
MR     +....                    j - +0 pair of boots
Stlth  ++........               u - amulet of magic regeneration
                                v - ring of poison resistance
                                l - +3 ring of protection

@: mighty, lethally poisoned (-2 -> -2), very slightly contaminated, hasted,
very quick
A: fangs 3, rugged brown scales 1, deformed body, high mp 1, mutation resistance
1, regeneration 2, screaming 1, magic shield, antimagic bite, no device heal 3,
rot immunity, subdued magic 1
a: Renounce Religion


You were on level 4 of the Lair of Beasts.
You worshipped Xom.
You were a beloved toy of Xom.
You were not hungry.

You visited 2 branches of the dungeon, and saw 12 of its levels.
You also visited: Ice Cave.

You collected 581 gold pieces.
You spent 151 gold pieces at shops.

Inventory:

Hand Weapons
 a - a +2 hand axe of chaos (weapon)
 b - a +0 hunting sling
Missiles
 n - 26 sling bullets
Armour
 e - a +0 buckler
 g - a +0 shield (worn)
 j - a +0 pair of boots (worn)
 m - a +1 helmet (worn)
 r - a +2 leather armour (worn)
 s - the +1 cloak of Conscience (worn) {rF+ MP+9 Dex+4}
   (You found it on level 4 of the Dungeon)

   It affects your dexterity (+4).
   It protects you from fire.
   It affects your magic capacity (+9).
Jewellery
 l - a +3 ring of protection (left hand)
 q - an uncursed ring of ice
 u - an amulet of magic regeneration (around neck)
 v - a ring of poison resistance (right hand)
Wands
 p - a wand of digging (17/24)
 w - a wand of iceblast (2/15)
 A - a wand of teleportation (4/9)
 E - a wand of teleportation (1/9)
 J - a wand of iceblast (8/15)
Scrolls
 o - a scroll of teleportation
 t - 4 scrolls of remove curse
 y - a scroll of enchant armour
 z - a scroll of amnesia
 B - 5 scrolls of identify
 C - a scroll of enchant weapon
 H - 3 scrolls of recharging
 I - a scroll of magic mapping
Potions
 d - 2 potions of brilliance
 i - a potion of cure mutation
 x - 7 potions of curing
 D - a potion of flight
 F - 3 potions of haste
Comestibles
 c - 7 bread rations
 f - 7 beef jerkies
 h - 5 fruits
 k - 4 meat rations
 G - 13 chunks of flesh


   Skills:
 + Level 6.8 Fighting
 * Level 9.4 Axes
 + Level 5.0 Slings
 + Level 5.9 Armour
 + Level 5.6 Dodging
 + Level 5.9 Shields
 + Level 5.0 Evocations


You had 10 spell levels left.
You didn't know any spells.

Dungeon Overview and Level Annotations

Branches:
Dungeon (8/15)             Temple (0/1) D:5            Lair (4/6) D:8
 Shoals (0/4) Lair:2       Spider (0/4) Lair:3

Altars:
Elyvilon
Ru
Vehumet
Xom

Shops:
D:4 *?


Innate Abilities, Weirdness & Mutations

You have razor-sharp teeth.
You heal very quickly.
When hurt, damage is shared between your health and your magic reserves.
Your bite disrupts and absorbs the magic of your enemies.
Potions and wands cannot restore your health.
You are immune to rotting.
You are partially covered in rugged brown scales. (AC +1, +3% HP)
Armour fits poorly on your strangely shaped body.
You have an increased reservoir of magic. (+10% MP)
You are somewhat resistant to further mutation.
You occasionally shout uncontrollably at your foes.
Your spells are a little easier to cast, but a little less powerful.


Message History

You closely miss the bullfrog. You bite the bullfrog. You drain its power.
You feel invigorated.
The bullfrog is lightly wounded. "Over there now!"
The bullfrog blinks!
The seven-headed hydra blinks!
You are now Xom's teddy bear.
You are too injured to fight recklessly!
You slash the bullfrog! You bite the bullfrog. You drain its power.
You feel invigorated.
You kill the bullfrog!
Xom grants you insight.
You detect items!
You are now a beloved toy of Xom.
You feel sick.
Xom plays with reality for a moment.
You create some ball lightning!
Your ball lightning explodes!
The blast of lightning engulfs you!
You die...
Xom bursts into laughter!

#......PP.....###
###......P....#.#
##.....P.....##P.
#......./......P#
###..........###..#
##(...........#......
##....*.......##......
#P................#..#
##...@.D.......#...#
#..*P##...[......#
##..###.†......#.#
#...##..§.......##
###........÷†.÷..#
#..........<.÷#.....
#.....†...††##.#...#
#...(.........## ###
#...(..........#


You could see a seven-headed hydra and 2 friendly ball lightnings.

Vanquished Creatures
  A black mamba (Lair:4)
  A rime drake (IceCv)
  4 spiny frogs
  5 komodo dragons
  A hornet (Lair:3)
  A raiju (Lair:3)
  7 blink frogs
  A hippogriff (Lair:1)
  17 yaks
  A warg (IceCv)
  3 water moccasins
  Duvessa (D:5)
  3 porcupines
  A sky beast (shapeshifter) (Lair:2)
  A sky beast (D:5)
  A phantom (D:6)
  A swamp drake (Lair:2)
  11 ice beasts
  A tengu (D:8)
  An ogre (D:7)
  6 crocodiles
  A wyvern zombie (D:6)
  6 bullfrogs
  A water moccasin zombie (D:6)
  Dowan (D:5)
  A scorpion (D:4)
  A bullfrog zombie (D:7)
  A jelly (D:8)
  A crimson imp (D:6)
  3 orc wizards
  2 orc priests
  A centaur skeleton (D:4)
  Natasha (thrice) (D:3)
  6 worker ants
  4 adders
  A shadow imp (D:5)
  12 white imps (Lair:1)
  An ooze (D:3)
  2 adder zombies (D:5)
  5 worms
  3 dart slugs
  2 leopard geckos (D:5)
  10 orcs
  7 bats
  6 giant cockroaches
  10 goblins
  7 hobgoblins
  16 jackals
  5 kobolds
  3 quokkas
  2 ball pythons
  6 frilled lizards
  A leopard gecko skeleton (D:5)
  4 rats
  A fungus (Lair:2)
  A plant (Lair:3)
206 creatures vanquished.

Vanquished Creatures (collateral kills)
  Sigmund (D:4)
  A yak (Lair:4)
  A howler monkey (D:4)
  A worker ant (D:4)
  A leopard gecko (D:4)
  A kobold (D:3)
6 creatures vanquished.

Vanquished Creatures (others)
  An ice beast (IceCv)
  A phantom (D:5)
  A fire vortex (Lair:1)
3 creatures vanquished.

Grand Total: 215 creatures vanquished

Notes
Turn   | Place    | Note
-------+----------+-------------------------------------------
     0 | D:1      | AlphabetPasta the Vine Stalker Chaos Knight began the quest for the Orb.
     0 | D:1      | Reached XP level 1. HP: 11/11 MP: 2/2
   235 | D:1      | Reached skill level 1 in Dodging
   269 | D:1      | Reached XP level 2. HP: 14/16 MP: 3/3
   287 | D:1      | Reached skill level 3 in Axes
   408 | D:1      | XOM: divination: magic mapping
   509 | D:1      | Reached XP level 3. HP: 6/19 MP: 1/4
   529 | D:1      | XOM: divination: magic mapping
   540 | D:1      | XOM: divination: magic mapping
   725 | D:1      | XOM: divination: magic mapping
   902 | D:2      | XOM: silly message
  1151 | D:2      | XOM: divination: magic mapping
  1261 | D:2      | Found a radiant altar of Vehumet.
  1272 | D:2      | XOM: god gift: 32 gold pieces
  1300 | D:2      | Found a sacrificial altar of Ru.
  1659 | D:3      | Gained mutation: Your natural rate of healing is unusually fast. [Vine Stalker growth]
  1659 | D:3      | Reached XP level 4. HP: 23/24 MP: 5/5
  1978 | D:3      | Noticed Natasha
  1989 | D:3      | Killed Natasha
  1989 | D:3      | Reached XP level 5. HP: 28/28 MP: 6/6
  2004 | D:3      | XOM: mild Pois miscast
  2363 | D:3      | Noticed Natasha
  2377 | D:3      | XOM: enchant monster (good)
  2378 | D:3      | Killed Natasha
  2378 | D:3      | Reached skill level 4 in Axes
  2384 | D:3      | Found a white marble altar of Elyvilon.
  2541 | D:3      | Noticed Natasha
  2549 | D:3      | Killed Natasha
  2549 | D:3      | Reached skill level 1 in Shields
  2549 | D:3      | Reached XP level 6. HP: 18/32 MP: 3/7
  2615 | D:4      | Found Pobuikiph's Assorted Antiques.
  2625 | D:4      | Bought a scroll labeled FOIMOAHASO for 22 gold pieces
  2625 | D:4      | Bought a lumpy yellow potion for 19 gold pieces
  2625 | D:4      | Bought a knobbly tourmaline ring for 110 gold pieces
  2699 | D:4      | Noticed Sigmund
  2703 | D:4      | Killed Sigmund
  2723 | D:4      | Got a distressingly furry cloak
  2729 | D:4      | Identified the +1 cloak of Conscience {rF+ MP+9 Dex+4} (You found it on level 4 of the Dungeon)
  2876 | D:4      | Found Bauw's Magic Scroll Shop.
  3041 | D:5      | Entered Level 5 of the Dungeon
  3192 | D:5      | Noticed a sky beast
  3195 | D:5      | Killed a sky beast
  3195 | D:5      | Reached XP level 7. HP: 37/37 MP: 8/8
  3196 | D:5      | Gained mutation: You heal very quickly. [potion of mutation]
  3196 | D:5      | Gained mutation: You are robust. (+10% HP) [potion of mutation]
  3196 | D:5      | Gained mutation: Your spells are a little easier to cast, but a little less powerful. [potion of mutation]
  3277 | D:5      | Reached skill level 5 in Axes
  3454 | D:5      | Found a staircase to the Ecumenical Temple.
  3584 | D:5      | Noticed Dowan
  3585 | D:5      | Noticed Duvessa
  3585 | D:5      | XOM: enchant monster (good)
  3589 | D:5      | XOM: cleaving
  3593 | D:5      | Killed Dowan
  3601 | D:5      | Killed Duvessa
  3601 | D:5      | Gained mutation: You have razor-sharp teeth. [Vine Stalker growth]
  3601 | D:5      | Reached XP level 8. HP: 46/46 MP: 9/9
  3883 | D:6      | Reached skill level 1 in Slings
  3915 | D:6      | Reached skill level 1 in Evocations
  4718 | D:8      | XOM: polymorph ogre -> tengu
  4722 | D:8      | Reached skill level 6 in Axes
  4723 | D:8      | Found a staircase to the Lair.
  4734 | Lair:1   | Entered Level 1 of the Lair of Beasts
  4734 | Lair:1   | Noticed a yak
  4741 | Lair:1   | Noticed a yak
  4746 | Lair:1   | Killed a yak
  4746 | Lair:1   | Reached XP level 9. HP: 40/50 MP: 11/11
  4931 | Lair:1   | Noticed a spiny frog
  4938 | Lair:1   | Killed a spiny frog
  4938 | Lair:1   | Reached skill level 5 in Fighting
  4967 | Lair:1   | Noticed a komodo dragon
  4969 | Lair:1   | Noticed a komodo dragon
  4980 | Lair:1   | Killed a komodo dragon
  4986 | Lair:1   | XOM: butterfly on damage
  4988 | Lair:1   | Killed a komodo dragon
  5017 | Lair:1   | Reached skill level 7 in Axes
  5025 | Lair:1   | Found a frozen archway.
  5041 | IceCv    | Entered an ice cave
  5045 | IceCv    | XOM: smoke on damage
  5053 | IceCv    | XOM: cast spell 'Call Canine Familiar'
  5070 | IceCv    | Reached XP level 10. HP: 50/56 MP: 13/13
  5094 | IceCv    | XOM: confuse monster(s)
  5102 | IceCv    | XOM: cast spell 'Leda's Liquefaction'
  5143 | IceCv    | Noticed an ice statue
  5143 | IceCv    | Noticed an ice statue
  5144 | IceCv    | XOM: enchant monster (good)
  5145 | IceCv    | XOM: potion effect (magic)
  5163 | IceCv    | XOM: summons 4 friendly demons
  5172 | IceCv    | Noticed myxocpahck's ghost (journeyman DgFE)
  5172 | IceCv    | XOM: noise
  5186 | IceCv    | XOM: cast spell 'Cause Fear'
  5458 | Lair:1   | XOM: 1-stop teleportation journey
  5462 | Lair:1   | XOM: scenery: create altars
  5477 | Lair:1   | XOM: enchant monster (good)
  5484 | Lair:1   | XOM: potion effect (agility)
  5491 | Lair:1   | Reached skill level 5 in Armour
  5503 | Lair:1   | Reached skill level 8 in Axes
  5504 | Lair:1   | Reached skill level 5 in Shields
  5515 | Lair:1   | XOM: divination: detect creatures
  5587 | Lair:1   | XOM: god gift: jewelled wooden wand {god gift}
  5716 | Lair:1   | XOM: fog
  5724 | Lair:1   | XOM: enchant monster (good)
  5726 | Lair:1   | Reached XP level 11. HP: 27/61 MP: 15/15
  5750 | Lair:1   | XOM: mild Fire miscast
  5765 | Lair:2   | Found a staircase to the Shoals.
  5804 | Lair:2   | XOM: polymorph bullfrog -> swamp drake
  5895 | Lair:2   | XOM: noise
  5947 | Lair:2   | XOM: cloud trail
  6164 | Lair:2   | Reached skill level 5 in Dodging
  6194 | Lair:2   | XOM: give mutations
  6194 | Lair:2   | Gained mutation: You occasionally shout uncontrollably at your foes. [Xom's mischief]
  6194 | Lair:2   | Lost mutation: You are robust. (+10% HP) [Xom's mischief]
  6194 | Lair:2   | Gained mutation: Armour fits poorly on your strangely shaped body. [Xom's mischief]
  6240 | Lair:3   | XOM: polymorph blink frog -> raiju
  6251 | Lair:2   | XOM: noise
  6252 | Lair:2   | XOM: harmless Ice miscast
  6296 | Lair:3   | XOM: swap monsters
  6307 | Lair:3   | XOM: divination: detect creatures
  6314 | Lair:3   | XOM: cleaving
  6403 | Lair:3   | Found a hole to the Spider Nest.
  6415 | Lair:3   | Paralysed by a hornet for 3 turns
  6426 | Lair:3   | Reached skill level 9 in Axes
  6480 | Lair:3   | XOM: destruction
  6744 | Lair:3   | XOM: divination: magic mapping
  6768 | Lair:4   | XOM: enchant monster (good)
  6773 | Lair:4   | XOM: summons 10 friendly demons
  6778 | Lair:4   | XOM: give mutations
  6778 | Lair:4   | Gained mutation: You are somewhat resistant to further mutation. [Xom's grace]
  6778 | Lair:4   | Gained mutation: You have an increased reservoir of magic. (+10% MP) [Xom's grace]
  6778 | Lair:4   | Gained mutation: You are partially covered in rugged brown scales. (AC +1, +3% HP) [Xom's grace]
  6796 | Lair:4   | XOM: potion effect (haste)
  6829 | Lair:4   | Reached skill level 5 in Slings
  6890 | Lair:4   | XOM: potion effect (haste)
  6907 | Lair:4   | Noticed a seven-headed hydra
  6908 | Lair:4   | Reached skill level 5 in Evocations
  6925 | Lair:4   | XOM: potion effect (might)
  6928 | Lair:4   | XOM: blink monster(s)
  6930 | Lair:4   | XOM: divination: detect items
  6932 | Lair:4   | XOM: cast spell 'Conjure Ball Lightning'
  6933 | Lair:4   | Killed by an exploding ball lightning

Skill      XL: |  1  2  3  4  5  6  7  8  9 10 11 |
---------------+----------------------------------+-----
Dodging        | 1 2 3 4 5 |  5.6
Axes           | 3 4 5 6 7 8 9 |  9.4
Armour         | 2 3 4 5 |  5.9
Fighting       | 3 4 5 6 |  6.8
Shields        | 1 2 3 4 5 |  5.9
Slings         | 1 3 4 5 |  5.0
Evocations     | 1 3 4 5 |  5.0

Action                   |  1- 3 |  4- 6 |  7- 9 | 10-12 || total
-------------------------+-------+-------+-------+-------++-------
Melee: Hand axe          |   124 |   135 |   264 |   371 ||   894
       Bite              |    28 |    35 |   110 |   181 ||   354
 Fire: Hunting sling     |       |       |     1 |    13 ||    14
Evoke: Wand              |       |     1 |     3 |       ||     4
  Use: Potion            |     4 |     4 |     1 |       ||     9
       Scroll            |     5 |     6 |     3 |     2 ||    16
 Stab: Confused          |     1 |       |     3 |     7 ||    11
       Paralysed         |       |     1 |     2 |    14 ||    17
       Petrified         |       |       |     7 |    21 ||    28
       Sleeping          |       |       |     3 |       ||     3
       Petrifying        |       |       |     1 |    11 ||    12
       Distracted        |       |       |       |     1 ||     1
  Eat: Chunk             |     2 |     5 |     5 |     6 ||    18
       Beef jerky        |       |       |     1 |       ||     1
       Pizza             |       |       |     1 |       ||     1
Armor: Leather armour    |    53 |    41 |   128 |    96 ||   318
Dodge: Dodged            |    67 |    63 |   117 |   168 ||   415
Block: Buckler           |       |    19 |    43 |    51 ||   113
       Shield            |       |       |       |    87 ||    87
